 Dungeon Crawl Stone Soup version 0.24-a0-275-g6f7e2cb (webtiles) character file.

Game seed: 4244583298891638312

2839 Inarius the Cleaver (level 9, -6/84 HPs)
             Began as a Troll Fighter on Apr 28, 2019.
             Was a Priest of Trog.
             Mangled by an earth elemental (25 damage)
             ... summoned by a deep elf mage
             ... on level 7 of the Dungeon.
             The game lasted 00:08:53 (4952 turns).

Inarius the Cleaver (Troll Fighter)                 Turns: 4952, Time: 00:08:54

Health: -6/84      AC:  8    Str: 29    XL:     9   Next: 46%
Magic:  9/9        EV:  9    Int:  4    God:    Trog [***...]
Gold:   338        SH: 10    Dex:  9    Spells: 8/8 levels left

rFire    . . .     SeeInvis .   a - +0 war axe
rCold    . . .     Gourm    +   c - +0 shield
rNeg     . . .     Faith    +   C - +2 robe {MR+}
rPois    .         Spirit   .   (helmet restricted)
rElec    .         Reflect  .   (no cloak)
rCorr    .         Harm     .   (gloves unavailable)
MR       ++...                  (boots unavailable)
Stlth    +.........             B - amulet of faith
HPRegen  0.64/turn              y - ring of protection from magic
MPRegen  0.11/turn              (no ring)

@: berserk cooldown, slowed, very slow
A: large, unfitting armour, claws 3, fast metabolism 3, gourmand, regeneration
1, shaggy fur 1, tough skin 3
a: Berserk, Trog's Hand, Renounce Religion


You were on level 7 of the Dungeon.
You worshipped Trog.
Trog was most pleased with you.
You were very full.

You visited 1 branch of the dungeon, and saw 7 of its levels.

You collected 338 gold pieces.

Inventory:

Hand Weapons
 a - a +0 war axe (weapon)
Missiles
 j - 4 javelins (quivered)
 r - 14 tomahawks
Armour
 c - a +0 shield (worn)
 C - a +2 robe of magic resistance (worn)
Jewellery
 k - an uncursed ring of ice
 y - a ring of protection from magic (left claw)
 B - an amulet of faith (around neck)
 H - a cursed -5 ring of strength {unknown}
Wands
 t - a wand of digging (3)
 w - a wand of paralysis (7)
 z - a wand of iceblast (4)
Scrolls
 b - a scroll of silence {unknown}
 g - a scroll of teleportation {unknown}
 h - 4 scrolls of identify {unknown}
 n - 2 scrolls of blinking {unknown}
 p - 4 scrolls of fog {unknown}
 q - 2 scrolls of enchant armour {unknown}
 u - a scroll of amnesia {unknown}
 v - 2 scrolls of remove curse {unknown}
 E - a scroll of enchant weapon {unknown}
 G - a scroll of noise {unknown}
Potions
 d - a potion of might
 e - a potion of invisibility {unknown}
 i - a potion of flight {unknown}
 l - 2 potions of curing
 m - 5 potions of mutation {unknown}
 o - a potion of ambrosia {unknown}
 s - a potion of heal wounds {unknown}
 x - a potion of magic {unknown}
 A - a potion of cancellation {unknown}
 D - 2 potions of agility {unknown}
Comestibles
 f - 12 rations
 F - a chunk of flesh


   Skills:
 + Level 4.1 Fighting
 * Level 8.7 Axes
 + Level 4.0 Dodging
 + Level 1.1 Stealth
 + Level 4.2 Shields
 + Level 2.4 Evocations


You had 8 spell levels left.
You didn't know any spells.
Your spell library was empty.

Dungeon Overview and Level Annotations

Branches:
Dungeon (7/15)             Temple (0/1) D:6

Altars:
Dithmenos
Makhleb
Okawaru
Trog
Uskayaw
Yredelemnul
The Shining One

Annotations:
D:6 1 runed translucent door, Lanoc's ghost, novice DrTm


Innate Abilities, Weirdness & Mutations

You are too large for most types of armour.
You have claws for hands.
Your metabolism is lightning-fast.
You like to eat raw meat.
Your natural rate of healing is unusually fast.
You are covered in fur. (AC +1)
You have extremely tough skin. (AC +3)


Message History

The crimson imp barely misses you.
Unknown command.
Unknown command.
You miss the deep elf mage.
The deep elf mage is heavily wounded.
You slash the leopard gecko skeleton!
You destroy the leopard gecko skeleton!
Trog accepts your kill.
You miss the crimson imp. You block the deep elf mage's attack.
The crimson imp blinks!
The deep elf mage hits you with a +0 rapier.
* * * LOW HITPOINT WARNING * * *
Unknown command.
Unknown command.
You closely miss the deep elf mage.
The deep elf mage is heavily wounded.
You hit the earth elemental. The deep elf mage casts a spell at you.
You block the stone arrow. The earth elemental hits you!!
You die...

#....# #.....# #....#
#.....##.#
#.÷..####.....##.#
.....'........##.#
#....###....)....#
#....####+###....#
#.......... #....#
#.......... #..Ee#
............#...@###########
............................
..#########.#.#..$......####
..# # #.5)......# ..#
#.........# ..# #...†.....#
..# #.........# ..###
#.........# ....###
#.........#


You could see an earth elemental, a deep elf mage and a crimson imp.

Vanquished Creatures
  Pikel (D:5)
  Prince Ribbit (D:5)
  A hippogriff (D:7)
  Edmund (D:5)
  A sky beast (D:6)
  2 slaves (D:5)
  3 phantoms
  3 bullfrogs
  A scorpion (D:6)
  4 wights (D:6)
  4 howler monkeys
  2 centaur zombies
  2 crimson imps
  3 bullfrog zombies
  A centaur skeleton (D:7)
  4 hounds
  3 jellies (D:6)
  3 orc priests
  2 orc wizards
  Jessica (D:3)
  3 worker ants
  2 hound skeletons (D:4)
  7 adders
  5 gnolls
  A shadow imp (D:5)
  2 oozes
  2 adder skeletons
  A worm (D:3)
  3 dart slugs
  5 leopard geckos
  20 orcs
  2 ball pythons
  2 giant cockroaches
  4 goblins
  8 hobgoblins
  2 quokkas
  2 bats (D:1)
  6 frilled lizards
  A jackal skeleton (D:4)
  11 kobolds
  A leopard gecko skeleton (D:7)
  A quokka skeleton (D:4)
  3 rats
137 creatures vanquished.

Vanquished Creatures (collateral kills)
  A gnoll shaman (D:4)
  2 gnolls (D:4)
  An orc (D:3)
4 creatures vanquished.

Vanquished Creatures (others)
  An orc priest (D:3)
1 creature vanquished.

Grand Total: 142 creatures vanquished

Notes
Turn   | Place    | Note
-------+----------+-------------------------------------------
     0 | D:1      | Inarius the Troll Fighter began the quest for the Orb.
     0 | D:1      | Reached XP level 1. HP: 22/22 MP: 0/0
   106 | D:1      | Found a glowing golden altar of the Shining One.
   142 | D:1      | Reached XP level 2. HP: 27/29 MP: 1/1
   350 | D:1      | Reached skill level 2 in Axes
   404 | D:1      | Reached XP level 3. HP: 36/36 MP: 2/2
  1307 | D:3      | Found a faded altar of an unknown god.
  1352 | D:3      | Became a worshipper of Trog the Wrathful
  1352 | D:3      | Reached * piety under Trog
  1411 | D:3      | Reached XP level 4. HP: 5/44 MP: 3/3
  1705 | D:3      | Reached skill level 3 in Axes
  1738 | D:3      | Reached XP level 5. HP: 53/53 MP: 4/4
  1895 | D:3      | Noticed Jessica
  1907 | D:3      | Killed Jessica
  1939 | D:4      | Noticed a phantom
  1971 | D:4      | Reached ** piety under Trog
  2026 | D:3      | Killed a phantom
  2026 | D:3      | Reached skill level 4 in Axes
  2026 | D:3      | Reached skill level 1 in Evocations
  2026 | D:3      | Reached XP level 6. HP: 48/61 MP: 5/5
  2413 | D:4      | Reached skill level 5 in Axes
  2413 | D:4      | Reached XP level 7. HP: 54/67 MP: 6/6
  2765 | D:5      | Entered Level 5 of the Dungeon
  2784 | D:5      | Found an iron altar of Okawaru.
  2791 | D:5      | Found a burning altar of Makhleb.
  2825 | D:5      | Noticed Edmund
  2832 | D:5      | Killed Edmund
  2923 | D:5      | Noticed Pikel
  2934 | D:5      | Killed Pikel
  2934 | D:5      | Reached skill level 6 in Axes
  2934 | D:5      | Reached XP level 8. HP: 59/75 MP: 8/8
  3170 | D:5      | Noticed Prince Ribbit
  3183 | D:5      | Killed Prince Ribbit
  3183 | D:5      | Reached skill level 7 in Axes
  3718 | D:6      | Found a staircase to the Ecumenical Temple.
  3767 | D:6      | Reached skill level 1 in Stealth
  3888 | D:6      | Reached XP level 9. HP: 77/84 MP: 9/9
  4029 | D:6      | Found a runed translucent door.
  4036 | D:6      | Noticed Lanoc's ghost (novice DrTm)
  4072 | D:6      | Found a shadowy altar of Dithmenos.
  4169 | D:6      | Reached *** piety under Trog
  4334 | D:6      | Reached skill level 8 in Axes
  4390 | D:6      | Found a basalt altar of Yredelemnul.
  4752 | D:7      | Found a hide-covered altar of Uskayaw.
  4929 | D:7      | Noticed a deep elf mage
  4952 | D:7      | Mangled by an earth elemental

Levels and vault maps discovered:
D:1:      minmay_arrival_jagged, layout_loops_ring, kennysheep_flooded_box,
          chequers_arboretum, kennysheep_small_spiral, minmay_domino_4
D:2:      layout_basic, first_ration
D:3:      layout_rooms, chequers_ecumenical_altar_island, uniq_jessica
D:4:      layout_rooms
D:5:      layout_loops_corners, kennysheep_mini_moat,
          nicolae_overflow_hidden_temple, uniq_edmund, uniq_pikel,
          uniq_prince_ribbit1
D:6:      layout_basic, lemuel_round_altar, overflow_temple_1_default,
          minmay_temple_entry_drinking_statues, ebering_ghost_reflecting_pool
D:7:      layout_basic, basic_altar, guppyfry_early_elven_hall

Skill      XL: |  1  2  3  4  5  6  7  8  9 |
---------------+----------------------------+-----
Axes           | 2 3 4 5 6 7 8 |  8.7
Fighting       | 3 4 |  4.1
Dodging        | 3 4 |  4.0
Shields        | 3 4 |  4.2
Evocations     | 1 2 |  2.4
Stealth        | 1 |  1.1

Action                   |  1- 3 |  4- 6 |  7- 9 || total
-------------------------+-------+-------+-------++-------
Melee: War axe           |   145 |   159 |   253 ||   557
Invok: Berserk           |       |     1 |     5 ||     6
       Trog's Hand       |       |       |     1 ||     1
Evoke: Wand              |       |     6 |     4 ||    10
 Stab: Paralysed         |       |       |     5 ||     5
  Eat: Chunk             |    16 |    14 |    25 ||    55
       Ration            |       |       |     1 ||     1
Armor: Robe              |    71 |    44 |    87 ||   202
Dodge: Dodged            |    63 |    53 |    76 ||   192
Block: Shield            |    81 |    83 |   131 ||   295

Table legend:
 A = Non-vault XP
 B = Vault XP
 C = Vault XP percentage of total XP
 D = Non-vault monster count
 E = Vault monster count
 F = Vault count percentage of total count
                 A         B        C        D         E       F
            +---------+---------+-------+---------+---------+-------
      Total |    2958 |    1099 |  27.1 |     131 |       8 |   5.8
            +---------+---------+-------+---------+---------+-------
        D:1 |      43 |       8 |  15.7 |      19 |       4 |  17.4
        D:2 |      20 |       0 |   0.0 |       5 |       0 |   0.0
        D:3 |     335 |      37 |   9.9 |      32 |       1 |   3.0
        D:4 |     325 |       0 |   0.0 |      21 |       0 |   0.0
        D:5 |     443 |    1054 |  70.4 |      13 |       3 |  18.8
        D:6 |     977 |       0 |   0.0 |      24 |       0 |   0.0
        D:7 |     815 |       0 |   0.0 |      17 |       0 |   0.0
            +---------+---------+-------+---------+---------+-------
